 Dungeon Crawl Stone Soup version 0.21.1-1-g345015f (webtiles) character file.

5439 xccam the Basher (level 10, 0/80 HPs)
             Began as a Yellow Draconian Berserker on Mar 26, 2018.
             Was a High Priest of Trog.
             Slain by a wolf (7 damage)
             ... led by Grum
             ... on level 9 of the Dungeon.
             The game lasted 00:14:25 (6432 turns).

xccam the Basher (Yellow Draconian Berserker)       Turns: 6432, Time: 00:14:26

Health: 0/80       AC: 15    Str: 22    XL:     10   Next: 41%
Magic:  10/10      EV: 22    Int:  7    God:    Trog [*****.]
Gold:   498        SH:  0    Dex: 17    Spells: 9/9 levels left

rFire    + . .     SeeInvis .   s - +0 morningstar
rCold    . . .     Gourm    +   (no shield)
rNeg     . . .     Faith    .   (armour unavailable)
rPois    +         Spirit   .   F - +2 hat
rElec    .         Reflect  .   E - +2 cloak
rCorr    +         Harm     .   k - +2 pair of gloves
MR       .....                  (no boots)
Stlth    +++.......             d - amulet of the gourmand
HPRegen  0.23/turn              q - ring of poison resistance
MPRegen  0.12/turn              G - ring of protection from fire

@: agile, berserk cooldown, slowed, very slow
A: spit acid, acid resistance, unfitting armour, cold-blooded, AC +7
a: Breathe Acid, Berserk, Trog's Hand, Brothers in Arms, Burn Spellbooks,
Renounce Religion


You were on level 9 of the Dungeon.
You worshipped Trog.
Trog was extremely pleased with you.
You were very full.

You visited 1 branch of the dungeon, and saw 9 of its levels.
You also visited: Sewer.

You collected 723 gold pieces.
You spent 225 gold pieces at shops.

Inventory:

Hand Weapons
 a - a +0 mace
 s - a +0 morningstar (weapon)
Armour
 k - a +2 pair of gloves (worn)
 E - a +2 cloak (worn)
 F - a +2 hat (worn)
Jewellery
 c - an uncursed ring of fire
 d - an amulet of the gourmand (around neck)
 q - a ring of poison resistance (left hand)
 w - an uncursed ring of positive energy
 x - an uncursed ring of flight
 G - a ring of protection from fire (right hand)
Wands
 r - a wand of flame (20)
 v - a wand of random effects (53)
 B - a wand of acid (3)
 D - a wand of enslavement (12)
Scrolls
 g - 7 scrolls of teleportation {unknown}
 j - 3 scrolls of fog
 l - 2 scrolls of remove curse
 n - a scroll of immolation {unknown}
 o - a scroll of noise {unknown}
 p - a scroll of enchant armour {unknown}
 t - a scroll of enchant weapon {unknown}
 y - 3 scrolls of fear {unknown}
 z - a scroll of amnesia {unknown}
 A - 4 scrolls of identify
 H - a scroll of acquirement {unknown}
Potions
 f - a potion of resistance
 h - 4 potions of brilliance
 i - 2 potions of flight
 u - a potion of cancellation
 C - a potion of berserk rage
Comestibles
 b - 13 rations


   Skills:
 - Level 4.4 Fighting
 + Level 13.1 Maces & Flails
 * Level 7.6 Dodging


You had 9 spell levels left.
You didn't know any spells.

Dungeon Overview and Level Annotations

Branches:
Dungeon (9/15)             Temple (0/1) D:7
   Lair: D:8-11         Orc: D:9-12

Altars:
Ashenzari
Cheibriados
Hepliaklqana
Kikubaaqudgha
Makhleb
Qazlal
Ru
Sif Muna
Trog
Uskayaw
Vehumet
Xom
Zin

Shops:
D:5 %   D:6 *   D:7 :   D:8 ::[

Annotations:
D:9 Grum


Innate Abilities, Weirdness & Mutations

You can spit globs of acid.
You are resistant to acid.
Your golden yellow scales are hard. (AC +7)
You cannot fit into any form of body armour.
You are cold-blooded and may be slowed by cold attacks.


Message History

The wolf barely misses you. The wolf bites you.
* * * LOW HITPOINT WARNING * * *
The wolf completely misses you. The wolf bites you.
* * * LOW HITPOINT WARNING * * *
The wolf closely misses you. The wolf misses you. The wolf closely misses you.
Grum completely misses you. The wolf bites you but does no damage.
The wolf misses you. The wolf completely misses you. The wolf misses you.
The wolf bites you.
* * * LOW HITPOINT WARNING * * *
The wolf closely misses you. x2; The wolf bites you.
* * * LOW HITPOINT WARNING * * *
The wolf misses you. The wolf bites you but does no damage.
The wolf completely misses you. x2
The wolf closely misses you. x2
The wolf bites you but does no damage. The wolf closely misses you.
The wolf misses you. The wolf closely misses you. The wolf barely misses you.
The wolf closely misses you. The wolf barely misses you.
The wolf closely misses you. The wolf completely misses you.
The wolf misses you. The wolf bites you!
You die...

..######## .... ..#.....### #...
..#........ #... ..#........ #.).
..'........ #...
..#(##########################...
#.#(..)..##.....§§§g§h§h.......##
#.#.......#......h§h§§§§.......#.
#.#.......#.....@h..§§§§.......'.
#.#.......#.)....h.§§§.........#.
#.+.......#)))........§........#.
#.#.......#....................#.
#.......#............).......#.
#.....#...............)......##
#############'###########......
#.....# #...... #.....# #......


You could see Grum and 4 wolves.

Vanquished Creatures
  A two-headed ogre (D:9)
  The ghost of VLARC the Carver, a journeyman VSGl of Yredelemnul (D:9)
  A deep elf mage (D:8)
  Joseph (D:7)
  The ghost of feelmyfire the Insei, an amateur DgTm (D:4)
  A hornet (D:9)
  A hippogriff (D:7)
  The ghost of Ratty the Firebug, an amateur DrFE of Sif Muna (D:5)
  A vampire (D:9)
  Purgy (Sewer)
  2 orc warriors
  3 ogres
  A necrophage (D:7)
  5 centaurs
  A big kobold (D:8)
  A bullfrog (D:9)
  A scorpion (D:5)
  2 crimson imps (D:5)
  5 hounds
  2 bullfrog skeletons
  6 orc priests
  A jelly (D:5)
  14 orc wizards
  2 iguanas (D:5)
  6 worker ants
  A hound skeleton (D:7)
  A worker ant zombie (D:7)
  9 adders
  A shadow imp (D:8)
  2 oozes
  An adder skeleton (D:5)
  3 worms
  2 dart slugs
  2 leopard geckos
  47 orcs
  3 giant cockroaches
  6 hobgoblins
  12 jackals
  13 kobolds
  3 quokkas (D:5)
  A ball python (D:4)
  10 bats
  6 frilled lizards
  5 goblins
  3 jackal skeletons
  8 rats
201 creatures vanquished.

Notes
Turn   | Place    | Note
-------+----------+-------------------------------------------
     0 | D:1      | xccam the Draconian Berserker began the quest for the Orb.
     0 | D:1      | Reached XP level 1. HP: 19/19 MP: 1/1
   151 | D:1      | Reached XP level 2. HP: 15/26 MP: 2/2
   470 | D:1      | Reached skill level 4 in Maces & Flails
   806 | D:2      | Reached XP level 3. HP: 31/31 MP: 3/3
   857 | D:2      | Reached ** piety under Trog
  1000 | D:2      | Found a hazy altar of Hepliaklqana.
  1574 | D:3      | Reached skill level 5 in Maces & Flails
  1574 | D:3      | Reached XP level 4. HP: 29/38 MP: 4/4
  1717 | D:3      | Found a sacrificial altar of Ru.
  1717 | D:3      | Found a snail-covered altar of Cheibriados.
  1788 | D:3      | Reached XP level 5. HP: 40/45 MP: 5/5
  1796 | D:3      | Found a hide-covered altar of Uskayaw.
  2009 | D:4      | Reached skill level 6 in Maces & Flails
  2155 | D:4      | Found a deep blue altar of Sif Muna.
  2183 | D:4      | Reached XP level 6. HP: 41/51 MP: 6/6
  2275 | D:4      | Reached skill level 7 in Maces & Flails
  2501 | D:4      | Noticed feelmyfire's ghost (amateur DgTm)
  2509 | D:4      | Killed feelmyfire's ghost
  2509 | D:4      | Reached skill level 8 in Maces & Flails
  2509 | D:4      | Your scales start taking on a golden yellow colour.
  2509 | D:4      | Reached XP level 7. HP: 57/57 MP: 7/7
  2702 | D:5      | Entered Level 5 of the Dungeon
  2722 | D:5      | Reached skill level 9 in Maces & Flails
  2766 | D:5      | Found an ancient bone altar of Kikubaaqudgha.
  2888 | D:5      | Reached XP level 8. HP: 63/63 MP: 8/8
  2935 | D:5      | Found a radiant altar of Vehumet.
  2947 | D:5      | Reached *** piety under Trog
  2959 | D:5      | Reached skill level 10 in Maces & Flails
  3087 | D:5      | Found Acegov's Food Shop.
  3312 | D:5      | Noticed Ratty's ghost (amateur DrFE)
  3323 | D:5      | Killed Ratty's ghost
  3377 | D:6      | Found a glowing drain.
  3406 | Sewer    | Entered a sewer
  3441 | Sewer    | Noticed Purgy
  3450 | Sewer    | Killed Purgy
  3450 | Sewer    | Reached skill level 11 in Maces & Flails
  3530 | D:6      | Found Ruarr's Assorted Antiques.
  3679 | D:6      | Found a burning altar of Makhleb.
  4059 | D:6      | Found a burning altar of Makhleb.
  4086 | D:7      | Noticed Joseph
  4116 | D:7      | Killed Joseph
  4116 | D:7      | Reached skill level 12 in Maces & Flails
  4116 | D:7      | Reached XP level 9. HP: 20/70 MP: 9/9
  4467 | D:7      | Found a staircase to the Ecumenical Temple.
  4478 | D:7      | Reached **** piety under Trog
  4689 | D:7      | Found a bloodstained altar of Trog.
  4739 | D:7      | Found Legetzai's Book Boutique.
  4820 | D:7      | Found a shimmering altar of Xom.
  4820 | D:7      | Found a shattered altar of Ashenzari.
  4955 | D:8      | Found Fecsosm's Book Emporium.
  4967 | D:8      | Found Deshouza's Antique Armour Emporium.
  4975 | D:8      | Bought a glowing cloak for 225 gold pieces
  5208 | D:8      | Found Mulecwoc's Book Emporium.
  5494 | D:8      | Found a glowing silver altar of Zin.
  5495 | D:8      | Noticed a deep elf mage
  5529 | D:8      | Killed a deep elf mage
  5529 | D:8      | Reached skill level 5 in Dodging
  5736 | D:8      | Found a stormy altar of Qazlal.
  5871 | D:9      | Noticed VLARC's ghost (journeyman VSGl)
  5891 | D:9      | Killed VLARC's ghost
  5891 | D:9      | Reached XP level 10. HP: 72/80 MP: 10/10
  6105 | D:9      | Reached ***** piety under Trog
  6185 | D:9      | Reached skill level 13 in Maces & Flails
  6390 | D:9      | Noticed Grum
  6391 | D:9      | Noticed a two-headed ogre
  6404 | D:9      | Killed a two-headed ogre
  6432 | D:9      | Slain by a wolf

Skill      XL: |  1  2  3  4  5  6  7  8  9 10 |
---------------+-------------------------------+-----
Maces & Flails | 4 5 6 8 9 12 13 | 13.1
Dodging        | 6 7 |  7.6
Fighting       | 4 |  4.4

Action                   |  1- 3 |  4- 6 |  7- 9 | 10-12 || total
-------------------------+-------+-------+-------+-------++-------
Melee: Mace              |   125 |    55 |       |       ||   180
       Tailslap          |    10 |    15 |    66 |     9 ||   100
       Morningstar       |       |    41 |   377 |    77 ||   495
Invok: Berserk           |     1 |     1 |     4 |     1 ||     7
       Trog's Hand       |     2 |     1 |     3 |       ||     6
 Abil: Breathe Acid      |       |       |     1 |       ||     1
Evoke: Wand              |       |       |     1 |       ||     1
  Use: Scroll            |       |     1 |     6 |     2 ||     9
       Potion            |       |       |     2 |     5 ||     7
 Stab: Sleeping          |       |       |     1 |       ||     1
  Eat: Chunk             |     2 |     5 |    15 |     6 ||    28
       Ration            |       |       |     2 |       ||     2
Armor: Skin              |    46 |    39 |   151 |    51 ||   287
Dodge: Dodged            |    96 |    81 |   275 |   187 ||   639
